AoeStats
← MaxedWayOut

Arabia

509996498Analyzed
1v1 RM · 2d ago on Sep 29, 2026· 60m 5s· 2 players
Game mode
Random Map
Map size
Tiny (2 player)
Population
200
Speed
Normal
Resources
Standard
Victory
Conquest
Starting age
Dark Age
Ending age
Imperial Age
RankedLock teamsTeams togetherTeam positionsShared explorationLock speedFull tech treeHidden civsTurbo modeCheats
Victory
Defeat
🇺🇸 Magyars · United States
789
+16
790
-16
MaxedWayOut
5:51 Loom
9:21 Feudal Age
9:53 Double-Bit Axe
20:33 Castle Age
19:10 Fletching
22:07 Bloodlines
21:59 Husbandry
23:07 Scale Barding Armor
23:42 Gold Mining
28:40 Gold Shaft Mining
28:32 Horse Collar
29:05 Bow Saw
28:48 Stone Mining
31:27 Chain Barding Armor
31:06 Bodkin Arrow
33:36 Wheelbarrow
37:27 Imperial Age
35:13 Heavy Plow
36:31 Padded Archer Armor
37:35 Hand Cart
37:39 Leather Archer Armor
37:52 Ballistics
38:45 Cavalier
40:31 Plate Barding Armor
39:57 Bracer
40:28 Ring Archer Armor
39:53 Town Watch
41:18 Parthian Tactics
42:45 Town Patrol
43:21 Masonry
45:22 Paladin
46:30 Thumb Ring
47:14 Corvinian Army
49:08 Heavy Cavalry Archer
54:26 Conscription
59:46 Elite Magyar Huszar
61:02 Hoardings
60:42 Masonry
guilherme.pnascimento
4:55 Loom
10:05 Feudal Age
13:09 Double-Bit Axe
15:34 Horse Collar
23:12 Wheelbarrow
27:01 Castle Age
30:58 Scale Barding Armor
30:55 Scale Mail Armor
31:05 Forging
30:56 Padded Archer Armor
30:47 Fletching
31:11 Vendel Legacy
32:41 Elite Skirmisher
36:53 Chain Barding Armor
37:51 Husbandry
38:07 Bloodlines
39:16 Iron Casting
38:54 Light Cavalry
41:30 Hand Cart
43:35 Heavy Plow
43:29 Gold Mining
43:30 Stone Mining
47:55 Imperial Age
45:12 Town Watch
46:41 Chain Mail Armor
46:42 Leather Archer Armor
46:24 Bodkin Arrow
48:17 Gothikon
49:37 Elite Jarl
51:38 Cavalier
51:39 Hussar
Connection lost

Rejoining the realm…

Still unreachable

The connection could not be restored.

Session expired

The server has moved on; the page needs a fresh start.